 Dungeon Crawl Stone Soup version 0.24.0-1-gfbc8707122 (webtiles) character file.

Game seed: 1695267318009355671, levelgen mode: deterministic

11 Monsterracer the Vexing (level 2, 0/23 HPs)
             Began as a Ghoul Arcane Marksman on Oct 27, 2019.
             Slain by a bat (1 damage)
             ... on level 1 of the Dungeon.
             The game lasted 00:00:56 (323 turns).

Monsterracer the Vexing (Ghoul Arcane Marksman)      Turns: 323, Time: 00:00:57

Health: 0/23       AC:  2    Str: 13    XL:     2   Next: 29%
Magic:  2/2        EV: 12    Int:  8    God:
Gold:   9          SH:  0    Dex:  9    Spells: 2/3 levels left

rFire    . . .     SeeInvis .     - Unarmed
rCold    + . .     Gourm    .   (no shield)
rNeg     + + +     Faith    .   a - +0 robe
rPois    ∞         Spirit   .   (no helmet)
rElec    .         Reflect  .   (no cloak)
rCorr    .         Harm     .   (no gloves)
MR       .....                  (no boots)
Stlth    +.........             (no amulet)
HPRegen  0.00/turn              (no ring)
MPRegen  0.08/turn              (no ring)

@: rotting
A: rotting body, claws 1, carnivore, cold resistance 1, negative energy
resistance 3, inhibited regeneration, torment resistance, unbreathing
a: no special abilities


You were on level 1 of the Dungeon.
You were not hungry.

You visited 1 branch of the dungeon, and saw 1 of its levels.

You collected 9 gold pieces.

Inventory:

Missiles
 d - 2 throwing nets (quivered) {!f}
Armour
 a - a +0 robe (worn)
Scrolls
 e - a scroll of identify {unknown}
 h - a scroll of enchant weapon {unknown}
Potions
 g - a potion of degeneration {unknown}
Comestibles
 b - a chunk of flesh
 c - 2 rations


   Skills:
 - Level 1.1 Fighting
 - Level 1.7 Throwing
 - Level 1.7 Dodging
 + Level 2.1 Unarmed Combat
 - Level 1.0 Spellcasting
 - Level 2.4 Hexes


You had 2 spell levels left.
You knew the following spells:

 Your Spells              Type           Power        Failure   Level  Hunger
j - Corona                Hex            #......      16%         1    ##.....

Your spell library contained the following spells:

 Spells                   Type           Power        Failure   Level  Hunger
 Slow                     Hex            #.......     22%         2    ###....
 Inner Flame              Hex/Fire       #.......     58%         3    ####...
 Portal Projectile        Hex/Tloc       #.....       58%         3    ####...
 Cause Fear               Hex            #.........   83%         4    #####..
 Leda's Liquefaction      Hex/Erth       #.........   94%         4    #####..


Dungeon Overview and Level Annotations

Branches:
Dungeon (1/15)

Altars:


Innate Abilities, Weirdness & Mutations

Your body is rotting away.
You thrive on raw meat.
You are immune to poison.
You have sharp fingernails.
You are carnivorous and can eat meat at any time.
Your flesh is cold resistant. (rC+)
You are immune to negative energy. (rN+++)
You do not regenerate when monsters are visible.
You are immune to unholy pain and torment.
You can survive without breathing.


Message History

Throwing (i - inventory. (/) - cycle)
f - 4 javelins (quivered)
Press: ? - help, Shift-Dir - straight line, f/p - dart slug
Aim: a dart slug (severely wounded)
You throw a javelin.
The javelin pierces through the dart slug but does no damage.
The dart slug is severely wounded.
Throwing (i - inventory. (/) - cycle)
f - 3 javelins (quivered)
Press: ? - help, Shift-Dir - straight line, f/p - dart slug
Aim: a dart slug (severely wounded)
You throw a javelin.
The javelin pierces through the dart slug!
You kill the dart slug!
Your Unarmed Combat skill increases to level 2!
Key pressed, stopping explore.
You butcher the rat corpse.
b - 5 chunks of flesh (gained 1)
You see here a rat skeleton. x2
h - a scroll labeled SAARHY OSTRUEMM A hobgoblin comes into view.
It is wielding a -2 club.
A hobgoblin is nearby!
A dart slug comes into view.
The hobgoblin shouts!
Throwing (i - inventory. (/) - cycle)
f - 2 javelins (quivered)
Press: ? - help, Shift-Dir - straight line, f - dart slug
Aim: a dart slug You throw a javelin.
The javelin pierces through the dart slug but does no damage.
The dart slug launches a dart at you. The slug dart hits you.
Throwing (i - inventory. (/) - cycle)
f - a javelin (quivered)
Press: ? - help, Shift-Dir - straight line, f/p - dart slug
Aim: a dart slug You throw a javelin.
The javelin pierces through the dart slug.
The dart slug is lightly wounded.
The dart slug launches a dart at you. The slug dart hits you!
* * * LOW HITPOINT WARNING * * *
The dart slug launches a dart at you. The slug dart misses you.
You scratch the hobgoblin.
The hobgoblin is severely wounded.
The hobgoblin hits you with a cursed -2 club.
* * * LOW HITPOINT WARNING * * *
You scratch the hobgoblin but do no damage.
The hobgoblin is severely wounded.
The hobgoblin hits you but does no damage.
You scratch the hobgoblin.
You kill the hobgoblin!
You start resting.
The dart slug is too close now for your liking.
A dart slug is nearby!
The dart slug launches a dart at you. The slug dart hits you.
* * * LOW HITPOINT WARNING * * *
You see here a bat skeleton.
Really walk into that teleport trap?
You enter a teleport trap!
The teleport trap disappears.
Your surroundings suddenly seem different.
An ooze and a kobold come into view.
The ooze quivers.
The kobold shouts!
Some of the chunks of flesh in your inventory have rotted away.
Found a stone staircase leading down.
The kobold hits you with a +0 short sword.
* * * LOW HITPOINT WARNING * * *
The ooze barely misses you.
A giant cockroach comes into view.
Found 16 gold pieces.
The ooze closely misses you. The giant cockroach misses you.
Found a scroll labeled TIL IDWUAN.
The giant cockroach bites you.
* * * LOW HITPOINT WARNING * * *
A rat comes into view.
Some of the chunks of flesh in your inventory have rotted away.
You feel your flesh rotting away. The giant cockroach misses you.
A bat comes into view.
The rat bites you.
* * * LOW HITPOINT WARNING * * *
The bat barely misses you. The giant cockroach closely misses you.
The bat closely misses you. The bat barely misses you.
The bat hits you but does no damage.
Eat one of 2 chunks of flesh? (ye/n/q)
You eat one of the 2 chunks of flesh.
You feel more resilient.
This raw flesh tastes great!
The giant cockroach bites you but does no damage.
The bat barely misses you. The giant cockroach bites you.
* * * LOW HITPOINT WARNING * * *
The bat hits you but does no damage. The bat closely misses you.
The bat hits you but does no damage. The bat hits you but does no damage.
The bat hits you.
* * * LOW HITPOINT WARNING * * *
The giant cockroach bites you.
* * * LOW HITPOINT WARNING * * *
The bat hits you.
You die...

#.###.........##.....w
#...#.................
###.#######.).........
#.# #........... #"##
####....##'##.. #..#
#......##...##. ##.#
#......#..<..#.
#.###......##...##.
#.@b#.......##+##..
###sK.r#...........
#...J.............
#...............$.
#.................
#.....####...#....
####### ##........
#.!....... ##?.####...


You could see an ooze, a giant cockroach, a bat, a kobold and a rat.

Vanquished Creatures
  A dart slug (D:1)
  A bat (D:1)
  2 hobgoblins (D:1)
  3 jackals (D:1)
  A rat (D:1)
8 creatures vanquished.

Notes
Turn   | Place    | Note
-------+----------+-------------------------------------------
     0 | D:1      | Monsterracer the Ghoul Arcane Marksman began the quest for
                  | the Orb.
     0 | D:1      | Reached XP level 1. HP: 16/16 MP: 1/1
    70 | D:1      | Reached skill level 1 in Unarmed Combat
   125 | D:1      | Reached XP level 2. HP: 23/23 MP: 2/2
   265 | D:1      | HP: 11/23 [dart slug/slug dart (7)]
   271 | D:1      | HP: 9/23 [hobgoblin/cursed -2 club (2)]
   285 | D:1      | HP: 6/23 [dart slug/slug dart (3)]
   295 | D:1      | HP: 3/23 [kobold/+0 short sword (3)]
   304 | D:1      | HP: 2/23 [giant cockroach (1)]
   310 | D:1      | HP: 1/22 [rat (1)]
   317 | D:1      | HP: 4/23 [giant cockroach (1)]
   322 | D:1      | HP: 3/23 [bat (1)]
   322 | D:1      | HP: 1/23 [giant cockroach (2)]
   323 | D:1      | Slain by a bat

Levels and vault maps discovered:
D:1:      dpeg_arrival_shelter, layout_rooms, minmay_heptomino_l4

Skill      XL: |  1  2 |
---------------+-------+-----
Unarmed Combat | 1 2 |  2.1
Fighting       | |  1.1
Throwing       | |  1.7
Dodging        | |  1.7
Spellcasting   | |  1.0
Hexes          | |  2.4

Action                   || total
-------------------------++-------
Melee: Unarmed           ||    11
Throw: Javelin           ||     9
  Eat: Chunk             ||     1
Armor: Robe              ||     7
Dodge: Dodged            ||    17
